MLB
COLORADO ROCKIES @ PITTSBURGH PIRATES
04/10/2042
 
TOP OF THE 1ST
Colorado Rockies batting - Pitching for Pittsburgh Pirates : RHP Bobby Ward
Pitching: RHP Bobby Ward
Batting: LHB Dan Pérez 0-0: Ball
1-0: Ball
2-0: Fly out, F6 (Flyball, 6D, EV 88.1 MPH)
Batting: RHB Lonnie Anderson 0-0: Foul Ball, location: 5F
0-1: Ball
1-1: Called Strike
1-2: Fly out, F8 (Flyball, 8RXD, EV 107.5 MPH)
Batting: LHB Mario Mendoza 0-0: Called Strike
0-1: Foul Ball, location: 7LDF
0-2: Strikes out looking
Top of the 1st over - 0 runs, 0 hits, 0 errors, 0 left on base; Colorado 0 - Pittsburgh 0
BOTTOM OF THE 1ST
Pittsburgh Pirates batting - Pitching for Colorado Rockies : RHP Ron Long
Pitching: RHP Ron Long
Batting: LHB José Velasco 0-0: Ball
1-0: Called Strike
1-1: DOUBLE (Groundball, 3L, EV 95.6 MPH)
Batting: LHB Raúl Gallegos 0-0: Ball
1-0: Foul Ball, location: 2F
1-1: Ball
2-1: Ground out 4-3 (Groundball, 4, EV 86.9 MPH)
José Velasco to third
Batting: LHB Del England 0-0: Ground out U3 (Groundball, 3, EV 81.3 MPH)
Batting: LHB José Becerra 0-0: Ball
1-0: Ball
2-0: Ball
3-0: Called Strike
3-1: Called Strike
3-2: Base on Balls
Batting: RHB Ken Quebell 0-0: Called Strike
0-1: DOUBLE (Groundball, 5L, EV 103.8 MPH)
José Velasco scores
José Becerra to third
Runner from 3rd tries for Home, SAFE, throw by LF to trailing runner, OUT at third! 7-3-5
Bottom of the 1st over - 2 runs, 2 hits, 0 errors, 0 left on base; Colorado 0 - Pittsburgh 2
TOP OF THE 2ND
Colorado Rockies batting - Pitching for Pittsburgh Pirates : RHP Bobby Ward
Batting: RHB Jorge Esquivel 0-0: Swinging Strike
0-1: Ball
1-1: Ground out U3 (Groundball, 34S, EV 88.1 MPH)
Batting: RHB Joe Thompson 0-0: Ball
1-0: Ground out 1-3 (Groundball, 13S, EV 63.8 MPH)
Batting: LHB Álex Cepeda 0-0: Foul Ball, location: 3FF
0-1: Swinging Strike
0-2: Strikes out swinging
Top of the 2nd over - 0 runs, 0 hits, 0 errors, 0 left on base; Colorado 0 - Pittsburgh 2
BOTTOM OF THE 2ND
Pittsburgh Pirates batting - Pitching for Colorado Rockies : RHP Ron Long
Batting: LHB Juan Padilla 0-0: Called Strike
0-1: Ball
1-1: Foul Ball, location: 25FF
1-2: Strikes out looking
Batting: RHB Al Sexton 0-0: Ground out 4-3 (Groundball, 4, EV 95.0 MPH)
Batting: LHB Ron Hanson 0-0: Ball
1-0: Foul Ball, location: 2F
1-1: Ball
2-1: Ground out 6-3 (Groundball, 6M, EV 105.0 MPH)
Bottom of the 2nd over - 0 runs, 0 hits, 0 errors, 0 left on base; Colorado 0 - Pittsburgh 2
TOP OF THE 3RD
Colorado Rockies batting - Pitching for Pittsburgh Pirates : RHP Bobby Ward
Batting: RHB Steve O'Brien 0-0: Ball
1-0: Ground out 4-3 (Groundball, 4D, EV 93.8 MPH)
Batting: RHB Bob Jacobs 0-0: Called Strike
0-1: Swinging Strike
0-2: Ball
1-2: Strikes out swinging, 2-3 out at first.
Batting: RHB Alec Kimpton 0-0: Ball
1-0: Ground out 4-3 (Groundball, 4M, EV 105.0 MPH)
Top of the 3rd over - 0 runs, 0 hits, 0 errors, 0 left on base; Colorado 0 - Pittsburgh 2
BOTTOM OF THE 3RD
Pittsburgh Pirates batting - Pitching for Colorado Rockies : RHP Ron Long
Batting: RHB Tomás Alvarado 0-0: Ball
1-0: Reached on error, E2 (Groundball, 2R, EV 73.8 MPH)
Batting: LHB José Velasco 0-0: Bunted foul
0-1: Sac Bunt to 3S - play at first, batter OUT! 3-1
Tomás Alvarado to second
Batting: LHB Raúl Gallegos 0-0: Foul Ball, location: 2F
0-1: Ball
1-1: Foul Ball, location: 2F
1-2: Strikes out swinging
Batting: LHB Del England 0-0: Called Strike
0-1: Called Strike
0-2: SINGLE (Groundball, 34D, EV 96.9 MPH)
Tomás Alvarado to third
Batting: LHB José Becerra 0-0: Called Strike
0-1: Swinging Strike
0-2: Strikes out swinging
Bottom of the 3rd over - 0 runs, 1 hit, 1 error, 2 left on base; Colorado 0 - Pittsburgh 2
TOP OF THE 4TH
Colorado Rockies batting - Pitching for Pittsburgh Pirates : RHP Bobby Ward
Batting: LHB Dan Pérez 0-0: Ball
1-0: Ball
2-0: Foul Ball, location: 9LSF
2-1: Swinging Strike
2-2: Strikes out swinging
Batting: RHB Lonnie Anderson 0-0: SINGLE (Groundball, 3D, EV 102.5 MPH) (infield hit)
Batting: LHB Mario Mendoza 0-0: Swinging Strike
0-1: Ball
1-1: Fly out, F9 (Flyball, 9LM, EV 89.4 MPH)
Batting: RHB Jorge Esquivel 0-0: Swinging Strike
0-1: Ball
1-1: Foul Ball, location: 3SF
1-2: Foul Ball, location: 3F
1-2: SINGLE (Line Drive, 7LS, EV 105.0 MPH)
Lonnie Anderson to second
Batting: RHB Joe Thompson 0-0: Ball
1-0: Foul Ball, location: 3F
1-1: Swinging Strike
1-2: Ball
2-2: Strikes out looking
Top of the 4th over - 0 runs, 2 hits, 0 errors, 2 left on base; Colorado 0 - Pittsburgh 2
BOTTOM OF THE 4TH
Pittsburgh Pirates batting - Pitching for Colorado Rockies : RHP Ron Long
Batting: RHB Ken Quebell 0-0: Called Strike
0-1: Foul Ball, location: 9LMF
0-2: Ball
1-2: SINGLE (Groundball, 56D, EV 97.5 MPH)
Batting: LHB Juan Padilla 0-0: Sac Bunt to 13S - play at first, batter OUT! 1-3
Ken Quebell to second
Batting: RHB Al Sexton 0-0: Foul Ball, location: 2F
0-1: Ball
1-1: Ball
2-1: Fly out, F8 (Flyball, 89D, EV 86.3 MPH)
Runner from 2nd tags up, SAFE at 3rd, no throw by CF
Batting: LHB Ron Hanson 0-0: Intentional Walk
Batting: RHB Tomás Alvarado 0-0: Ball
1-0: Called Strike
1-1: Ball
2-1: Ball
3-1: Fielders Choice at 2nd, 6-4 (Groundball, 6, EV 103.1 MPH)
Bottom of the 4th over - 0 runs, 1 hit, 0 errors, 2 left on base; Colorado 0 - Pittsburgh 2
TOP OF THE 5TH
Colorado Rockies batting - Pitching for Pittsburgh Pirates : RHP Bobby Ward
Batting: LHB Álex Cepeda 0-0: Ball
1-0: Fly out, F4 (Popup, 13, EV 75.0 MPH)
Batting: RHB Steve O'Brien 0-0: Called Strike
0-1: Ball
1-1: Ground out 6-3 (Groundball, 6, EV 88.1 MPH)
Batting: RHB Bob Jacobs 0-0: Called Strike
0-1: Fly out, F8 (Flyball, 8LXD, EV 96.9 MPH)
Top of the 5th over - 0 runs, 0 hits, 0 errors, 0 left on base; Colorado 0 - Pittsburgh 2
BOTTOM OF THE 5TH
Pittsburgh Pirates batting - Pitching for Colorado Rockies : RHP Ron Long
Batting: LHB José Velasco 0-0: Called Strike
0-1: Ball
1-1: Ball
2-1: Ground out U3 (Groundball, 34, EV 103.8 MPH)
Batting: LHB Raúl Gallegos 0-0: Ball
1-0: Ball
2-0: Called Strike
2-1: Foul Ball, location: 2F
2-2: Foul Ball, location: 3SF
2-2: Foul Ball, location: 3F
2-2: SINGLE (Line Drive, 9S, EV 86.3 MPH)
Batting: LHB Del England 0-0: SINGLE (Line Drive, 8LS, EV 90.0 MPH)
Raúl Gallegos to second
Runner from 2nd tries for 3rd, SAFE, throw by CF made to third
Batting: LHB José Becerra 0-0: Ball
1-0: Called Strike
1-1: Foul Ball, location: 7LSF
1-2: Strikes out swinging
Batting: RHB Ken Quebell 0-0: Ball
1-0: Ball
2-0: Called Strike
2-1: Ball
3-1: Fly out, F9 (Flyball, 89M, EV 92.5 MPH)
Bottom of the 5th over - 0 runs, 2 hits, 0 errors, 2 left on base; Colorado 0 - Pittsburgh 2
TOP OF THE 6TH
Colorado Rockies batting - Pitching for Pittsburgh Pirates : RHP Bobby Ward
Batting: RHB Alec Kimpton 0-0: Ground out 1-3 (Groundball, 13S, EV 65.0 MPH)
Batting: LHB Dan Pérez 0-0: Ball
1-0: Called Strike
1-1: Foul Ball, location: 2F
1-2: Ball
2-2: Ball
3-2: Base on Balls
Batting: RHB Lonnie Anderson 0-0: Ball
1-0: Called Strike
1-1: Ball
2-1: Ball
3-1: Grounds into double play, 6-4-3 (Groundball, 6, EV 83.8 MPH)
Top of the 6th over - 0 runs, 0 hits, 0 errors, 0 left on base; Colorado 0 - Pittsburgh 2
BOTTOM OF THE 6TH
Pittsburgh Pirates batting - Pitching for Colorado Rockies : RHP Ron Long
Batting: LHB Juan Padilla 0-0: Swinging Strike
0-1: Ball
1-1: Foul Ball, location: 5SF
1-2: Ground out 4-3 (Groundball, 4, EV 84.4 MPH)
Batting: RHB Al Sexton 0-0: Called Strike
0-1: Ball
1-1: Called Strike
1-2: Ball
2-2: Foul Ball, location: 3FF
2-2: SINGLE (Line Drive, 9S, EV 96.9 MPH)
Batting: LHB Ron Hanson 0-0: Ball
1-0: Foul Ball, location: 5FF
1-1: Foul Ball, location: 2F
1-2: Ball
2-2: SINGLE (Groundball, 34D, EV 107.5 MPH)
Al Sexton to second
Runner from 2nd tries for 3rd, SAFE, throw by RF made to third
Batting: RHB Tomás Alvarado 0-0: Called Strike
0-1: Ball
1-1: Fly out, F9 (Flyball, 9, EV 89.4 MPH)
Runner from 3rd tags up, OUT at HOME! 9-2
Bottom of the 6th over - 0 runs, 2 hits, 0 errors, 1 left on base; Colorado 0 - Pittsburgh 2
TOP OF THE 7TH
Colorado Rockies batting - Pitching for Pittsburgh Pirates : RHP Bobby Ward
Batting: LHB Mario Mendoza 0-0: SINGLE (Groundball, 6MD, EV 97.5 MPH)
Batting: RHB Jorge Esquivel 0-0: Ball
1-0: Called Strike
1-1: Ball
2-1: Ball
3-1: Base on Balls
Mario Mendoza to second
Pinch Runner at 2nd Cisco Sandodal:
Batting: RHB Joe Thompson 0-0: Ground out 6-3 (Groundball, 6S, EV 76.3 MPH)
Cisco Sandodal to third
Jorge Esquivel to second
Batting: LHB Álex Cepeda 0-0: Fly out, F9 (Flyball, 9, EV 88.8 MPH)
Runner from 3rd tags up, OUT at HOME! 9-2
Top of the 7th over - 0 runs, 1 hit, 0 errors, 1 left on base; Colorado 0 - Pittsburgh 2
BOTTOM OF THE 7TH
Pittsburgh Pirates batting - Pitching for Colorado Rockies : RHP Ron Long
Batting: LHB José Velasco 0-0: Swinging Strike
0-1: Fly out, F3 (Line Drive, 3L, EV 71.3 MPH)
Batting: LHB Raúl Gallegos 0-0: Ball
1-0: Ball
2-0: Foul Ball, location: 7LSF
2-1: Ball
3-1: SINGLE (Groundball, 4M, EV 106.9 MPH) (infield hit)
Batting: LHB Del England 0-0: Ball
1-0: Ball
2-0: Called Strike
2-1: Called Strike
2-2: Ball
Raúl Gallegos steals 2nd base
3-2: Intentional Walk
Batting: LHB José Becerra 0-0: Called Strike
0-1: Fly out, F9 (Flyball, 89D, EV 105.0 MPH)
Batting: RHB Ken Quebell 0-0: Ball
1-0: Ball
2-0: Ball
3-0: Swinging Strike
3-1: Foul Ball, location: 23FF
3-2: Strikes out swinging
Bottom of the 7th over - 0 runs, 1 hit, 0 errors, 2 left on base; Colorado 0 - Pittsburgh 2
TOP OF THE 8TH
Colorado Rockies batting - Pitching for Pittsburgh Pirates : RHP Bobby Ward
Now in CF: Andre Vigil Jr.
Now in RF: José Velasco
Batting: RHB Steve O'Brien 0-0: Foul Ball, location: 2F
0-1: Hit by Pitch
Batting: RHB Bob Jacobs 0-0: Called Strike
0-1: Swinging Strike
0-2: Foul Ball, location: 3SF
0-2: Fly out, F8 (Flyball, 8RXD, EV 102.5 MPH)
Batting: RHB Alec Kimpton 0-0: Ball
1-0: Ball
2-0: Foul Ball, location: 23FF
2-1: Foul Ball, location: 25F
2-2: Foul Ball, location: 25FF
2-2: Strikes out swinging
Batting: LHB Dan Pérez 0-0: Ball
1-0: Swinging Strike
1-1: SINGLE (Line Drive, 34, EV 96.3 MPH)
Steve O'Brien to second
Runner from 2nd tries for 3rd, SAFE, throw by RF made to third
Batting: RHB Lonnie Anderson 0-0: Foul Ball, location: 9LSF
0-1: SINGLE (Groundball, 6MD, EV 107.5 MPH)
Steve O'Brien scores
Dan Pérez to second
Runner from 2nd tries for 3rd, SAFE, throw by CF made to third
Batting: RHB Cisco Sandodal 0-0: Called Strike
0-1: Ball
1-1: Foul Ball, location: 2F
1-2: Strikes out looking
Top of the 8th over - 1 run, 2 hits, 0 errors, 2 left on base; Colorado 1 - Pittsburgh 2
BOTTOM OF THE 8TH
Pittsburgh Pirates batting - Pitching for Colorado Rockies : RHP Ron Long
Batting: LHB Juan Padilla 0-0: Fly out, F5 (Line Drive, 5L, EV 73.8 MPH)
Batting: RHB Al Sexton 0-0: Ball
1-0: Ground out 4-3 (Groundball, 4, EV 79.4 MPH)
Batting: LHB Andre Vigil Jr. 0-0: Called Strike
0-1: Ground out 4-3 (Groundball, 4, EV 76.9 MPH)
Bottom of the 8th over - 0 runs, 0 hits, 0 errors, 0 left on base; Colorado 1 - Pittsburgh 2
TOP OF THE 9TH
Colorado Rockies batting - Pitching for Pittsburgh Pirates : RHP Bobby Ward
Pitching: RHP Charlie Russell
Batting: RHB Jorge Esquivel 0-0: Foul Ball, location: 2F
0-1: Foul Ball, location: 3F
0-2: Ball
1-2: Strikes out swinging
Batting: RHB Joe Thompson 0-0: Called Strike
0-1: Ball
1-1: Foul Ball, location: 5FF
1-2: Fly out, F6 (Popup, 6, EV 56.9 MPH)
Batting: LHB Álex Cepeda 0-0: Ground out 4-3 (Groundball, 34, EV 80.0 MPH)
Top of the 9th over - 0 runs, 0 hits, 0 errors, 0 left on base; Colorado 1 - Pittsburgh 2
Monday, May 6th , 2024 - OOTP Baseball 24.10 Build 82